 Dungeon Crawl Stone Soup version 0.30.1-4-g462c640d31 (webtiles) character file.

Game seed: 9971550042071735593

25 KyoPewz the Gusty (level 2, 0/15 HPs)
             Began as a Deep Elf Air Elementalist on Aug 11, 2023.
             Slain by a worm (10 damage)
             ... on level 1 of the Dungeon.
             The game lasted 00:03:33 (1073 turns).

KyoPewz the Gusty (Deep Elf Air Elementalist)       Turns: 1073, Time: 00:03:33

Health: 0/15       AC:  2    Str:  5    XL:     2   Next: 82%
Magic:  0/8        EV: 12    Int: 19    God:
Gold:   24         SH:  0    Dex: 15    Spells: 4/7 levels left

rFire   . . .        h - +0 dagger
rCold   . . .        (no shield)
rNeg    . . .        a - +0 robe
rPois   .            (no helmet)
rElec   .            (no cloak)
rCorr   .            (no gloves)
SInv    .            (no boots)
Will    .....        c - amulet of regeneration
Stlth   ++           (no ring)
HPRegen 1.02/turn    (no ring)
MPRegen 0.11/turn

%: no passive effects
@: no status effects
A: no striking features
a: no special abilities


You were on level 1 of the Dungeon.
You visited 1 branch of the dungeon, and saw 2 of its levels.

You collected 24 gold pieces.

Inventory:

Hand Weapons
 h - a +0 dagger (weapon)
Missiles
 d - 16 stones
Armour
 a - a +0 robe (worn)
Jewellery
 c - an amulet of regeneration (around neck)
Scrolls
 e - a scroll of poison {unknown}
 f - a scroll of magic mapping {unknown}
 i - a scroll of blinking {unknown}
 l - a scroll of enchant armour {unknown}
Potions
 b - a potion of magic
 g - a potion of brilliance {unknown}
 j - a potion of mutation {unknown}
 k - 2 potions of attraction {unknown}


   Skills:
 - Level 2.4 Dodging
 - Level 2.4 Stealth
 - Level 3.0 Spellcasting
 - Level 2.0 Conjurations
 + Level 3.8 Air Magic


You had 4 spell levels left.
You knew the following spells:

 Your Spells              Type           Power      Damage    Failure   Level
a - Shock                 Conj/Air       52%        1d6       4%          1
b - Static Discharge      Conj/Air       26%        2-4/arc   7%          2

Your spell library contained the following spells:

 Spells                   Type           Power      Damage    Failure   Level
 Magic Dart               Conj           40%        1d5       7%          1
 Searing Ray              Conj           20%        2d5       10%         2
 Swiftness                Air            17%        N/A       10%         3
 Airstrike                Air            8%         2d(2-18)  32%         4
 Fulminant Prism          Conj/Hex       3%         3d5       69%         4


Dungeon Overview and Level Annotations

Branches:
Dungeon (2/15)

Altars:


Message History

The zap hits the worm.
The worm is heavily wounded.
You now have 5/8 mp.
The zap hits the worm.
The worm is severely wounded.
You now have 4/8 mp.
The zap hits the worm.
The worm is severely wounded.
You now have 3/8 mp.
The zap hits the worm.
The worm is severely wounded.
You now have 2/8 mp.
You miscast Shock.
You are very lightly contaminated with residual magic.
Nothing appears to happen.
You now have 1/8 mp.
The zap hits the worm.
The worm is severely wounded.
The worm bites you!
Ouch! That really hurt!
* * * LOW HITPOINT WARNING * * *
You take 11 damage, and have 4/15 hp.
MASSIVE DAMAGE!!
You now have 0/8 mp.
You see here a hobgoblin corpse.
Your magical contamination has completely faded away.
The zap hits the worm.
The worm is severely wounded.
Health restored: 15 You now have 1/8 mp.
The zap hits the worm.
The worm is almost dead.
You now have 0/8 mp.
You hit the worm.
The worm is almost dead.
The worm bites you.
You take 6 damage, and have 9/15 hp.
MASSIVE DAMAGE!!
You hit the worm but do no damage.
The worm is almost dead.
The worm bites you!
Ouch! That really hurt!
You die...

...#.#.....#######...#.....#..#.#
.....##............#.#.###.#..#.#
.##...#............#.#.#........#
......#............#.#.#.#..###..
......#............#.#.#.#....+..
...................#.#.#.#.####..
...................#.#.#.........
.....................#w#......###
.####...#.#.....@#.#.#.#......#..
.# #.#.#.#....#w#.###.#........#
.# #.#...######.#.....#.........
.# #.##[....w†..#######.........
#####.#####..#####...............
......######)#####.####.###......
####............##.###..# #......
####............##.##..## #......
................##.#÷.## #......


You could see a worm.

Vanquished Creatures
  2 bats (D:1)
  An endoplasm (D:1)
  2 giant cockroaches (D:1)
  3 goblins (D:1)
  2 hobgoblins (D:1)
  A kobold (D:1)
  2 quokkas (D:1)
  3 ball pythons
  2 frilled lizards
  3 rats (D:1)
21 creatures vanquished.

Notes
Turn   | Place    | Note
-------+----------+-------------------------------------------
     0 | D:1      | KyoPewz the Deep Elf Air Elementalist began the quest for
                  | the Orb.
     0 | D:1      | Reached XP level 1. HP: 10/10 MP: 6/6
   213 | D:1      | Found a faded altar of an unknown god.
   350 | D:1      | Reached XP level 2. HP: 15/15 MP: 4/8
   918 | D:1      | Learned a level 2 spell: Static Discharge
  1073 | D:1      | Slain by a worm

Illustrated notes

Levels and vault maps discovered:
D:1:      eino_arrival_cavern_a, layout_basic,
          hellmonk_ecumenical_altar_inner_sanctum
D:2:      layout_rooms, minmay_pentomino_t4

Skill      XL: |  1  2 |
---------------+-------+-----
Conjurations   | 2 |  2.0
Dodging        | |  2.4
Stealth        | |  2.4
Spellcasting   | |  3.0
Air Magic      | |  3.8

Action                     || total
---------------------------++-------
  Melee: Dagger            ||     2
   Cast: Shock             ||    55
 Armour: Robe              ||     6
  Dodge: Dodged            ||    15
